 Dungeon Crawl Stone Soup version 0.29.1-15-g9cfb28693d (webtiles) character file.

Game seed: 15462984109120504240

24081 manyhoops the Unseen (level 13, -2/105 HPs)
             Began as an Octopode Transmuter on Apr 11, 2023.
             Was an Initiate of Gozag.
             Slain by a death yak (22 damage)
             ... on level 3 of the Lair of Beasts.
             The game lasted 00:32:55 (17003 turns).

manyhoops the Unseen (Octopode Transmuter)         Turns: 17003, Time: 00:32:55

Health: -2/105     AC:  7    Str: 20    XL:     13   Next: 10%
Magic:  16/21      EV: 10    Int: 15    God:    Gozag
Gold:   1294       SH:  0    Dex: 13    Spells: 10/23 levels left

rFire   x . .      SeeInvis .     - Unarmed
rCold   + + +      Faith    .   (shield currently unavailable)
rNeg    . . .      Spirit   .   (helmet currently unavailable)
rPois   +          Reflect  .   p - amulet of regeneration
rElec   .          Harm     .   t - ring of protection from cold
rCorr   .          Rampage  .   y - +6 ring of strength
Will    .....                   c - ring of poison resistance
Stlth   ++++++....              B - ring of protection from cold
HPRegen 1.07/turn               (no ring)
MPRegen 0.17/turn               (no ring)
                                (no ring)
                                (no ring)

@: about to teleport, ice-form, wereblooded (expiring), gold aura
A: freezing attack, boosted hp, almost no armour, amphibious, 8 rings, large,
(camouflage 1), (gelatinous body 1), (nimble swimmer 1), (tentacles)
a: End Transformation, Renounce Religion, Potion Petition, Call Merchant, Bribe
Branch


You were on level 3 of the Lair of Beasts.
You worshipped Gozag.
Gozag was most pleased with you.
You were a creature of crystalline ice.
You visited 3 branches of the dungeon, and saw 14 of its levels.
You also visited: Sewer and Ossuary.

You collected 2132 gold pieces.
You spent 41 gold pieces at shops.
You paid 797 gold pieces to Gozag.

Inventory:

Missiles
 j - 25 poisoned darts (quivered)
Armour
 K - a +0 hat (melded)
Jewellery
 c - a ring of poison resistance (on tentacle)
 p - an amulet of regeneration (around neck)
 t - a ring of protection from cold (left front paw)
 u - an amulet of the acrobat
 x - a ring of flight
 y - a +6 ring of strength (right front paw)
 B - a ring of protection from cold (on tentacle)
Wands
 d - a wand of iceblast (4)
 l - a wand of polymorph (5)
 w - a wand of mindburst (5)
 E - a wand of digging (1)
 J - a wand of quicksilver (7)
Scrolls
 a - a scroll of noise
 e - 10 scrolls of teleportation
 h - 3 scrolls of poison
 i - 4 scrolls of enchant weapon
 q - 3 scrolls of immolation
 r - a scroll of silence
 s - a scroll of summoning
 v - 3 scrolls of magic mapping
 A - 2 scrolls of amnesia
 C - 3 scrolls of vulnerability
 F - 2 scrolls of fog
 G - 2 scrolls of brand weapon
 H - a scroll of identify
 I - a scroll of blinking
 M - a scroll of fear {unknown}
Potions
 b - 6 potions of flight
 f - 4 potions of mutation
 g - 7 potions of curing
 k - 3 potions of cancellation
 m - 3 potions of ambrosia
 n - a potion of degeneration
 o - 3 potions of brilliance
 z - 3 potions of attraction
 D - a potion of might
 L - a potion of heal wounds
 N - 3 potions of magic {unknown}


   Skills:
 - Level 7.7 Fighting
 - Level 2.0 Dodging
 + Level 15.0 Stealth
 - Level 12.4 Unarmed Combat
 - Level 5.9 Spellcasting
 - Level 6.0 Transmutations
 - Level 7.4 Ice Magic
 - Level 6.9 Poison Magic


You had 10 spell levels left.
You knew the following spells:

 Your Spells              Type           Power      Damage    Failure   Level
a - Beastly Appendage     Tmut           44%        N/A       1%          1
b - Wereblood             Tmut           22%        N/A       1%          2
c - Ice Form              Ice/Tmut       24%        N/A       10%         4
d - Eringya's Noxious Bo  Tmut/Pois      11%        N/A       85%         6

Your spell library contained the following spells:

 Spells                   Type           Power      Damage    Failure   Level
 Spider Form              Tmut/Pois      23%        N/A       3%          3
 Foxfire                  Conj/Fire      16%        2x1d4     16%         1
 Magic Dart               Conj           16%        1d3       16%         1
 Slow                     Hex            16%        N/A       16%         1
 Searing Ray              Conj           8%         2d4       22%         2
 Static Discharge         Conj/Air       4%         3-4/arc   22%         2
 Alistair's Intoxication  Tmut/Pois      15%        N/A       28%         5
 Confusing Touch          Hex            4%         N/A       41%         3
 Conjure Flame            Conj/Fire      4%         6-21      41%         3
 Inner Flame              Hex/Fire       4%         N/A       41%         3
 Vampiric Draining        Necr           4%         2d6       41%         3
 Cause Fear               Hex            2%         N/A       83%         4
 Flame Wave               Conj/Fire      4%         2d5       83%         4
 Fulminant Prism          Conj/Hex       2%         3d6       83%         4
 Borgnjor's Vile Clutch   Necr/Erth      2%         N/A       99%         5
 Dragon Form              Tmut           11%        N/A       100%        7
 Orb of Destruction       Conj           2%         9d5       100%        7
 Chain Lightning          Conj/Air       2%         3d2       100%        9
 Dragon's Call            Summ           2%         N/A       100%        9


Dungeon Overview and Level Annotations

Branches:
Dungeon (10/15)            Temple (1/1) D:7            Lair (3/5) D:9
 Shoals (0/4) Lair:2       Spider (0/4) Lair:2        Sewer (visited)
Ossuary (visited)
    Orc: D:9-12

Altars:
Ashenzari
Cheibriados
Dithmenos
Fedhas
Gozag
Kikubaaqudgha
Makhleb
Nemelex Xobeh
Okawaru
Qazlal
Ru
Sif Muna
Trog
Uskayaw
Vehumet
Wu Jian
Xom
Yredelemnul
Zin
The Shining One

Shops:
D:4 *

Annotations:
D:2 1 runed translucent door, Crazy Yiuf
D:5 1 transporter, roguelike's ghost, novice HOFi
D:7 2 transporters, 2 runed translucent doors, yarrgle's ghost, novice DECj


Innate Abilities, Weirdness & Mutations

You are a creature of crystalline ice.
You have a powerful freezing melee attack.
Your maximum health is increased.
Your armour is entirely melded.
You are incapable of wielding weapons or throwing items.
You cannot wear most types of armour.
You are amphibious.
You can wear up to eight rings at the same time.
((Your skin changes colour to match your surroundings (Stealth+).))
((Your rubbery body absorbs attacks. (AC +1, EV +1)))
((You are camouflaged when in or above water. (Stealth+)))
((You have tentacles for arms and can constrict up to eight enemies at once.))


Message History

You hear a bellow! x2
A death yak comes into view.
A death yak comes into view.
The yak attacks as you move away! The yak gores you.
The death yak attacks as you move away! The death yak gores you!
You hit the death yak. You freeze the death yak.
The death yak is lightly wounded.
You hit the death yak. You freeze the death yak.
The death yak is lightly wounded.
The death yak barely misses you.
You pummel the death yak!! You freeze the death yak.
The death yak is heavily wounded.
You hit the death yak. You freeze the death yak.
The death yak is heavily wounded.
The death yak gores you!! The death yak completely misses you.
You punch the death yak! You freeze the death yak.
The death yak is severely wounded.
The death yak gores you! x2
You punch the death yak! You freeze the death yak!
The death yak is almost dead.
The death yak gores you!!
* * * LOW HITPOINT WARNING * * *
The death yak barely misses you.
Unknown command.
You punch the death yak! You freeze the death yak.
You feel a bit better.
You kill the death yak!
Your Stealth skill increases to level 15!
Unknown command.
Okay, then.
Okay, then.
Okay, then.
As you read the scroll of teleportation, it crumbles to dust.
You feel strangely unstable. The death yak gores you!
* * * LOW HITPOINT WARNING * * *
Your primal bloodlust is almost over.
The yak is distracted by your dazzling golden aura.
The yak is no longer distracted by gold.
The death yak attacks as you move away! The death yak gores you!!
You die...
Your body crumbles into a pile of gold.

....##..##.......+.......#.....#.
....##.....#.....#...⌠...$..Y⌠Y..
....##...................#.#...#.
....##...#.....###.##.#..#.....#
....##..#...#...##.$....###.....#
....##.............Y##### ##.....
....##..................# #...#.
>................Y.#..#.###(.[..#
........#..P##..Y.........#⌠.<.⌠.
........#..###....#P......#......
.##.#...#...#.....#...P#.## .⌠.##
.###..........#...#...####
..............#...#...P#
.##...........#.......##
#..............###.#.##
.##.###.......####.###
.....#..............#


You could see a death yak and a yak.

Vanquished Creatures
  Gastronok (Lair:3)
  A hydra (Lair:1)
  2 two-headed ogres
  A death yak (Lair:3)
  A deep elf pyromancer (D:7)
  A manticore (D:7)
  2 cyclopes (D:7)
  An ugly thing (D:7)
  A black mamba (D:9)
  A merfolk siren (Lair:2)
  A gargoyle (D:7)
  5 cane toads
  An unseen horror (D:10)
  2 komodo dragons (Lair:2)
  3 merfolk (Lair:2)
  2 hornets
  A polar bear (D:9)
  2 trolls
  7 dream sheep (Lair:3)
  A jumping spider (Lair:2)
  3 shadows
  A vampire (D:10)
  3 basilisks
  25 yaks
  2 wyverns
  A steam dragon (D:9)
  Grum (D:10)
  2 redbacks (Lair:2)
  A vampire mosquito (D:7)
  An acid dragon (D:7)
  9 water moccasins
  5 orc warriors
  4 sky beasts (D:7)
  3 ice beasts
  3 black bears
  3 centaurs
  9 wolves
  2 kobold brigands
  A gnoll sergeant (D:7)
  9 bullfrogs
  2 necrophages
  11 scorpions
  8 wights
  5 killer bees
  9 howler monkeys
  A centaur zombie (Ossuary)
  4 hounds
  6 jellies
  A gnoll bouda (D:6)
  4 orc priests
  5 hell rats (Lair:2)
  6 iguanas
  8 orc wizards
  5 scorpion zombies (Ossuary)
  2 mummies (Ossuary)
  Robin (D:3)
  4 gnolls (D:2)
  2 river rats (Sewer)
  9 adders
  2 white imps
  3 dart slugs
  52 orcs
  9 ball pythons
  5 endoplasms
  4 giant cockroaches
  4 gnoll zombies (Ossuary)
  6 hobgoblins
  3 jackals (Sewer)
  19 kobolds
  3 quokkas
  5 bats
  7 frilled lizards
  21 goblins
  2 goblin zombies (Ossuary)
  A hobgoblin zombie (Ossuary)
  2 kobold zombies (Ossuary)
  3 orc zombies (Ossuary)
  A quokka zombie (D:5)
  12 rats
382 creatures vanquished.

Vanquished Creatures (collateral kills)
  A mummy (Ossuary)
1 creature vanquished.

Vanquished Creatures (others)
  A black bear (D:7)
  An adder (D:2)
  7 fungi
  11 plants
20 creatures vanquished.

Grand Total: 403 creatures vanquished

Notes
Turn   | Place    | Note
-------+----------+-------------------------------------------
     0 | D:1      | manyhoops the Octopode Transmuter began the quest for the
                  | Orb.
     0 | D:1      | Reached XP level 1. HP: 13/13 MP: 3/3
   184 | D:1      | Found a faded altar of an unknown god.
   697 | D:1      | Reached XP level 2. HP: 8/18 MP: 5/5
  1134 | D:1      | Learned a level 2 spell: Wereblood
  1536 | D:2      | Reached XP level 3. HP: 24/24 MP: 4/6
  1850 | D:2      | Got Ocud's Atlas of the Salvo
  2006 | D:2      | Reached XP level 4. HP: 29/29 MP: 5/7
  2379 | D:2      | Found a runed translucent door.
  2380 | D:2      | Noticed Crazy Yiuf
  2906 | D:3      | Reached XP level 5. HP: 28/35 MP: 6/8
  3073 | D:3      | Reached skill level 5 in Unarmed Combat
  3213 | D:3      | Noticed Robin
  3280 | D:3      | Killed Robin
  4129 | D:4      | Found Uwoigat's Assorted Antiques.
  4145 | D:4      | Bought a fizzy yellow potion for 19 gold pieces
  4145 | D:4      | Bought a scroll labelled CAHUPA FIFRANA for 22 gold pieces
  4211 | D:4      | Reached skill level 2 in Stealth
  4211 | D:4      | Reached XP level 6. HP: 27/41 MP: 6/9
  4303 | D:4      | Reached skill level 3 in Stealth
  4661 | D:4      | Found a burning altar of Makhleb.
  4661 | D:4      | Noticed a green death
  4664 | D:4      | Noticed an orange demon
  4664 | D:4      | Noticed a smoke demon
  4861 | D:5      | Entered Level 5 of the Dungeon
  4870 | D:5      | Found a glowing drain.
  4880 | Sewer    | Entered a sewer
  4896 | Sewer    | Reached skill level 4 in Stealth
  5182 | Sewer    | Reached skill level 5 in Stealth
  5395 | Sewer    | Learned a level 4 spell: Ice Form
  5445 | D:5      | Reached XP level 7. HP: 14/45 MP: 10/10
  5448 | D:5      | Reached skill level 6 in Stealth
  5564 | D:5      | Found a sand-covered staircase.
  5573 | Ossuary  | Entered an ossuary
  5640 | Ossuary  | Reached skill level 1 in Ice Magic
  5882 | Ossuary  | Reached XP level 8. HP: 51/51 MP: 9/12
  6533 | D:5      | Found a shimmering blue altar of Sif Muna.
  6637 | D:5      | Found a transporter.
  6639 | D:5      | Noticed roguelike's ghost (novice HOFi)
  6914 | D:6      | Reached skill level 5 in Transmutations
  7224 | D:6      | Reached skill level 5 in Ice Magic
  7224 | D:6      | Reached XP level 9. HP: 54/55 MP: 11/14
  7829 | D:7      | Noticed a hornet
  7881 | D:7      | Paralysed by a hornet for 2 turns
  7889 | D:7      | Killed a hornet
  7932 | D:7      | Found the +2 cloak of the Thief {*Fog Slay-2 SInv Stlth+}
  7939 | D:7      | Noticed a cyclops
  7990 | D:7      | Found a stormy altar of Qazlal.
  8041 | D:7      | Noticed a hornet
  8072 | D:7      | Found a transporter.
  8072 | D:7      | Noticed yarrgle's ghost (novice DECj)
  8077 | D:7      | Found a transporter.
  8251 | D:7      | Killed a cyclops
  8252 | D:7      | Reached skill level 5 in Spellcasting
  8330 | D:7      | Noticed a kobold demonologist
  8363 | D:7      | Reached XP level 10. HP: 59/63 MP: 16/18
  8446 | D:7      | Found a bloodstained altar of Trog.
  8488 | D:7      | Found a sacrificial altar of Ru.
  8694 | D:7      | Found a runed translucent door.
  8695 | D:7      | Noticed a deep elf pyromancer
  8695 | D:7      | Noticed a manticore
  8697 | D:7      | Found a runed translucent door.
  8697 | D:7      | Found a runed translucent door.
  8697 | D:7      | Noticed a brown ugly thing
  8772 | D:7      | Noticed a cyclops
  8792 | D:7      | Killed a cyclops
  8807 | D:7      | Noticed a gargoyle
  8851 | D:7      | Found a sparkling altar of Nemelex Xobeh.
  9234 | D:7      | Found a staircase to the Ecumenical Temple.
  9302 | Temple   | Entered the Ecumenical Temple
  9354 | Temple   | Became a worshipper of Gozag Ym Sagoz the Greedy
  9559 | D:7      | Reached skill level 5 in Fighting
 10358 | D:7      | Killed a gargoyle
 10731 | D:7      | Killed a brown ugly thing
 10745 | D:7      | Killed a manticore
 10746 | D:7      | Reached XP level 11. HP: 66/72 MP: 19/19
 10752 | D:7      | Killed a deep elf pyromancer
 10753 | D:7      | Reached skill level 10 in Unarmed Combat
 11327 | D:8      | Noticed a two-headed ogre
 11334 | D:8      | Killed a two-headed ogre
 11576 | D:9      | Found a staircase to the Lair.
 11720 | D:9      | Reached skill level 7 in Stealth
 11905 | D:9      | Reached skill level 8 in Stealth
 12134 | D:9      | Learned a level 6 spell: Eringya's Noxious Bog
 12257 | D:9      | Reached skill level 1 in Poison Magic
 12349 | D:9      | Noticed a two-headed ogre
 12355 | D:9      | Killed a two-headed ogre
 12934 | Lair:1   | Entered Level 1 of the Lair of Beasts
 12965 | D:9      | Reached skill level 5 in Poison Magic
 13118 | D:10     | Entered Level 10 of the Dungeon
 13125 | D:10     | Noticed Grum
 13527 | D:10     | Killed Grum
 13824 | D:10     | Reached XP level 12. HP: 81/81 MP: 15/20
 14117 | D:10     | Found a radiant altar of Vehumet.
 14117 | D:10     | Found a glowing silver altar of Zin.
 14707 | Lair:1   | Noticed a five-headed hydra
 14716 | Lair:1   | Killed a five-headed hydra
 15493 | Lair:2   | Reached skill level 9 in Stealth
 15593 | Lair:2   | Found a staircase to the Shoals.
 15613 | Lair:2   | Reached skill level 10 in Stealth
 15875 | Lair:2   | Reached skill level 11 in Stealth
 16294 | Lair:2   | Found a hole to the Spider Nest.
 16534 | Lair:3   | Noticed Gastronok
 16552 | Lair:3   | Reached skill level 12 in Stealth
 16558 | Lair:3   | Killed Gastronok
 16633 | Lair:3   | Reached skill level 13 in Stealth
 16701 | Lair:3   | Reached XP level 13. HP: 83/88 MP: 18/21
 16748 | Lair:3   | Reached skill level 14 in Stealth
 16999 | Lair:3   | Reached skill level 15 in Stealth
 17003 | Lair:3   | Slain by a death yak

Illustrated notes

Levels and vault maps discovered:
D:1:      amcnicky_arrival_single_pillar, layout_basic,
          hellmonk_ecumenical_altar_crossroads
D:2:      layout_basic, lemuel_flame_loot_1, uniq_crazy_yiuf_cottage
D:3:      layout_rooms, serial_corexii_hall, chequers_hall_statues_wall_a,
          chequers_hall_statues_wall_a, corexii_hall_statues_x,
          corexii_hall_statues_u, corexii_hall_statues_l,
          corexii_hall_statues_t, uniq_robin
D:4:      layout_loops_cross, makhleb_altar_promises_db, serial_shops, shop,
          minivault_11, minmay_starry_boxes
D:5:      layout_loops_ring, nicolae_sif_muna_little_library, enter_ossuary_4,
          cheibrodos_sewer_entry_sluice, gammafunk_ghost_mausoleum
D:6:      layout_loops_ring, kennysheep_generic_room_2
D:7:      minmay_the_grid_four_pointed_star
          [minmay_the_grid_triangle_9x9_skeleton,
          minmay_the_grid_triangle_9x9_steps,
          minmay_the_grid_triangle_9x9_windchime,
          minmay_the_grid_triangle_9x9_fully_insulated_deathbox,
          minmay_the_grid_prize_inner_circle], layout_loops_cross,
          nemelex_spade_bored_becter, mainiacjoe_overflow_catwalk_spiral,
          nicolae_overflow_crystal_walls, minmay_temple_entry_overgrown,
          gammafunk_ghost_hive
D:8:      layout_rooms, kennysheep_generic_room_5
D:9:      layout_basic, david_lair_generic, kennysheep_generic_room_9
D:10:     layout_cave_pools, minitemple, serial_glass, glass_columns_b,
          glass_columns_a, uniq_grum
Temple:   nicolae_temple_great_sept
Lair:1:   layout_chaotic_city, infiniplex_staircase_pool_2
Lair:2:   layout_cellular_growth, elwin_shoals_entry_stream,
          spider_nest_entry_funnel_web
Lair:3:   layout_gridlike, grunt_megastairs_1, uniq_gastronok

Skill      XL: |  1  2  3  4  5  6  7  8  9 10 11 12 13 |
---------------+----------------------------------------+-----
Unarmed Combat | 4 5 6 9 11 12 | 12.4
Fighting       | 2 3 6 7 |  7.7
Stealth        | 2 5 6 8 13 15 | 15.0
Ice Magic      | 2 5 7 |  7.4
Spellcasting   | 3 5 |  5.9
Transmutations | 3 6 |  6.0
Poison Magic   | 6 |  6.9
Dodging        | |  2.0

Action                   |  1- 3 |  4- 6 |  7- 9 | 10-12 | 13-15 || total
-------------------------+-------+-------+-------+-------+-------++-------
Melee: Unarmed           |    67 |   170 |   223 |   483 |    29 ||   972
       Tentacles         |    15 |    32 |    27 |     3 |       ||    77
       Constrict         |    19 |    35 |    34 |     2 |       ||    90
       Kick              |    11 |    39 |    65 |       |       ||   115
       Punch             |     2 |     8 |     4 |     1 |       ||    15
Throw: Dart              |       |     5 |     2 |     5 |       ||    12
 Cast: Beastly Appendage |    18 |    49 |    29 |       |       ||    96
       Wereblood         |     1 |    12 |    17 |    26 |     3 ||    59
       Ice Form          |       |       |    12 |    63 |     4 ||    79
Invok: Potion Petition   |       |       |       |     2 |       ||     2
Evoke: Wand              |       |       |       |     2 |       ||     2
  Use: Scroll            |     3 |     4 |     6 |    13 |     1 ||    27
       Potion            |       |     4 |     6 |    12 |       ||    22
 Stab: Sleeping          |     4 |    13 |     4 |     4 |       ||    25
       Invisible         |       |       |       |     3 |       ||     3
       Distracted        |       |       |       |     5 |       ||     5
Armor: Skin              |     4 |    72 |    60 |   180 |     3 ||   319
Dodge: Dodged            |    26 |    84 |    89 |   239 |     7 ||   445
